TOP OF THE 1ST |
Fresno Deplorables batting - Pitching for Nassau Rockets : RHP Armando Avilés
|
Pitching: RHP Armando Avilés
|
|
Batting: RHB Jared Thompson
|
0-0: Foul Ball, location: 2F 0-1: Ball 1-1: Ball 2-1: Ball 3-1: Swinging Strike 3-2: Strikes out swinging
|
Batting: LHB Paul Mullins
|
0-0: Called Strike 0-1: Ball 1-1: Ball 2-1: Fly out, F7 (Flyball, 7LM)
|
Batting: LHB Jeff Daniels
|
0-0: Ball 1-0: Reached on error, E5 (Groundball, 56)
|
Batting: LHB Troy Donaldson
|
0-0: Called Strike 0-1: Ball 1-1: Ball 2-1: Ball 3-1: SINGLE (Line Drive, 34) Jeff Daniels to second Runner from 2nd tries for 3rd, SAFE, throw made to third Troy Donaldson to second
|
Batting: RHB António Zúńiga
|
0-0: Called Strike 0-1: Fly out, F9 (Flyball, 9D)
|
Top of the 1st over - 0 run(s), 1 hit(s), 1 error(s), 2 left on base; Fresno 0 - Nassau 0 |
BOTTOM OF THE 1ST |
Nassau Rockets batting - Pitching for Fresno Deplorables : RHP Manuel Fuentes
|
Pitching: RHP Manuel Fuentes
|
|
Batting: LHB Don Ramey
|
0-0: Ball 1-0: Ball 2-0: Ground out 6-3 (Groundball, 6S)
|
Batting: LHB Juan Romero
|
0-0: Ball 1-0: Fly out, F5 (Popup, 56)
|
Batting: RHB Kenji Kudo
|
0-0: Ball 1-0: Fly out, F9 (Flyball, 9LSF)
|
Bottom of the 1st over - 0 run(s), 0 hit(s), 0 error(s), 0 left on base; Fresno 0 - Nassau 0 |
TOP OF THE 2ND |
Fresno Deplorables batting - Pitching for Nassau Rockets : RHP Armando Avilés
|
Batting: RHB Gabriel Miranda
|
0-0: Ground out 5-3 (Groundball, 56S)
|
Batting: LHB Keith Beard
|
0-0: Foul Ball, location: 2F 0-1: Ball 1-1: Ground out 4-3 (Groundball, 4)
|
Batting: RHB Alberto Campos
|
0-0: Called Strike 0-1: Ball 1-1: Foul Ball, location: 2F 1-2: Strikes out swinging
|
Top of the 2nd over - 0 run(s), 0 hit(s), 0 error(s), 0 left on base; Fresno 0 - Nassau 0 |
BOTTOM OF THE 2ND |
Nassau Rockets batting - Pitching for Fresno Deplorables : RHP Manuel Fuentes
|
Batting: LHB Andrew Alvarado
|
0-0: Ball 1-0: Swinging Strike 1-1: Ball 2-1: Foul Ball, location: 2F 2-2: Ground out 1-3 (Groundball, P)
|
Batting: LHB Doug Thompson
|
0-0: Foul Ball, location: 2F 0-1: Ball 1-1: Ball 2-1: Swinging Strike 2-2: Ground out 4-3 (Groundball, 34D)
|
Batting: LHB Wilson Allen
|
0-0: Ball 1-0: Ball 2-0: Called Strike 2-1: Called Strike 2-2: SINGLE (Groundball, 4MD)
|
Batting: RHB Salvador Borbón
|
0-0: SINGLE (Groundball, 56D) Wilson Allen to second
|
Batting: LHB Shiro Ueno
|
0-0: Called Strike 0-1: SINGLE (Groundball, 6D) Wilson Allen to third Salvador Borbón to second Runner from 3rd tries for Home, SAFE, throw made home
|
Batting: RHB Jesús Villalobos
|
0-0: Ball 1-0: Swinging Strike 1-1: Ball 2-1: Foul Ball, location: 2F 2-2: Fly out, F7 (Flyball, 7)
|
Bottom of the 2nd over - 1 run(s), 3 hit(s), 0 error(s), 2 left on base; Fresno 0 - Nassau 1 |
TOP OF THE 3RD |
Fresno Deplorables batting - Pitching for Nassau Rockets : RHP Armando Avilés
|
Batting: RHB Jesús Gutiérrez
|
0-0: Called Strike 0-1: Foul Ball, location: 2F 0-2: Fly out, F4 (Line Drive, 4)
|
Batting: RHB Jared Thompson
|
0-0: Ball 1-0: Called Strike 1-1: SINGLE (Groundball, 34S) (infield hit)
|
Batting: LHB Paul Mullins
|
0-0: Called Strike 0-1: Called Strike 0-2: Foul Ball, location: 2F 0-2: Foul Ball, location: 2F 0-2: Ball 1-2: Strikes out swinging
|
Batting: LHB Jeff Daniels
|
0-0: Called Strike 0-1: Ball 1-1: Ball 2-1: Called Strike 2-2: SINGLE (Line Drive, 89S) Jared Thompson to second
|
Batting: LHB Troy Donaldson
|
0-0: Called Strike 0-1: Ball 1-1: SINGLE (Line Drive, 89M) Jared Thompson to third Jeff Daniels to second
|
Batting: RHB António Zúńiga
|
0-0: Fly out, F3 (Line Drive, 3)
|
Top of the 3rd over - 0 run(s), 3 hit(s), 0 error(s), 3 left on base; Fresno 0 - Nassau 1 |
BOTTOM OF THE 3RD |
Nassau Rockets batting - Pitching for Fresno Deplorables : RHP Manuel Fuentes
|
Batting: LHB Don Ramey
|
0-0: Swinging Strike 0-1: Ground out 5-3 (Groundball, 56)
|
Batting: LHB Juan Romero
|
0-0: Fly out, F7 (Flyball, 7LMF)
|
Batting: RHB Kenji Kudo
|
0-0: Ball 1-0: Ball 2-0: Called Strike 2-1: Fly out, F8 (Flyball, 8RS)
|
Bottom of the 3rd over - 0 run(s), 0 hit(s), 0 error(s), 0 left on base; Fresno 0 - Nassau 1 |
TOP OF THE 4TH |
Fresno Deplorables batting - Pitching for Nassau Rockets : RHP Armando Avilés
|
Batting: RHB Gabriel Miranda
|
0-0: Ground out 5-3 (Groundball, 56)
|
Batting: LHB Keith Beard
|
0-0: Ball 1-0: Foul Ball, location: 2F 1-1: Ball 2-1: Bunt for hit - play at first, batter safe!
|
Batting: RHB Alberto Campos
|
0-0: Ball 1-0: Grounds into double play, 4-6-3 (Groundball, 34)
|
Top of the 4th over - 0 run(s), 1 hit(s), 0 error(s), 0 left on base; Fresno 0 - Nassau 1 |
BOTTOM OF THE 4TH |
Nassau Rockets batting - Pitching for Fresno Deplorables : RHP Manuel Fuentes
|
Batting: LHB Andrew Alvarado
|
0-0: Ball 1-0: Ball 2-0: Swinging Strike 2-1: Ground out U3 (Groundball, 3)
|
Batting: LHB Doug Thompson
|
0-0: Ball 1-0: Called Strike 1-1: Ball 2-1: Fly out, F8 (Flyball, 8LM)
|
Batting: LHB Wilson Allen
|
0-0: Fly out, F4 (Flyball, 4MD)
|
Bottom of the 4th over - 0 run(s), 0 hit(s), 0 error(s), 0 left on base; Fresno 0 - Nassau 1 |
TOP OF THE 5TH |
Fresno Deplorables batting - Pitching for Nassau Rockets : RHP Armando Avilés
|
Batting: RHB Jesús Gutiérrez
|
0-0: Fly out, F8 (Flyball, 8RXD)
|
Batting: RHB Jared Thompson
|
0-0: Ball 1-0: SINGLE (Groundball, 34D)
|
Batting: LHB Paul Mullins
|
0-0: Called Strike Jared Thompson steals 2nd base 0-1: Ball 1-1: Ground out 6-3 (Groundball, 6)
|
Batting: LHB Jeff Daniels
|
0-0: SINGLE (Groundball, 34D) Jared Thompson to third Runner from 3rd tries for Home, SAFE, no throw
|
Batting: LHB Troy Donaldson
|
0-0: Called Strike 0-1: SINGLE (Line Drive, 8LS) Jeff Daniels to second
|
Batting: RHB António Zúńiga
|
0-0: Ball 1-0: Swinging Strike 1-1: Fielders Choice at 2nd, 4-6 (Groundball, 4)
|
Top of the 5th over - 1 run(s), 3 hit(s), 0 error(s), 1 left on base; Fresno 1 - Nassau 1 |
BOTTOM OF THE 5TH |
Nassau Rockets batting - Pitching for Fresno Deplorables : RHP Manuel Fuentes
|
Batting: RHB Salvador Borbón
|
0-0: Ball 1-0: Called Strike 1-1: Ball 2-1: Ball 3-1: Swinging Strike 3-2: Foul Ball, location: 2F 3-2: Foul Ball, location: 2F 3-2: SINGLE (Line Drive, 8LS)
|
Batting: LHB Shiro Ueno
|
0-0: Fly out, F7 (Flyball, 7)
|
Batting: RHB Jesús Villalobos
|
0-0: Ball 1-0: Swinging Strike 1-1: Ball 2-1: Fielders Choice at 2nd, 6-4 (Groundball, 6M)
|
Batting: LHB Don Ramey
|
0-0: Called Strike 0-1: Ball 1-1: Called Strike 1-2: Ball Jesús Villalobos is caught stealing 2nd base
|
Bottom of the 5th over - 0 run(s), 1 hit(s), 0 error(s), 0 left on base; Fresno 1 - Nassau 1 |
TOP OF THE 6TH |
Fresno Deplorables batting - Pitching for Nassau Rockets : RHP Armando Avilés
|
Batting: RHB Gabriel Miranda
|
0-0: Foul Ball, location: 2F 0-1: Swinging Strike 0-2: Ball 1-2: Fly out, F9 (Flyball, 9LM)
|
Batting: LHB Keith Beard
|
0-0: SINGLE (Line Drive, 89S)
|
Batting: RHB Alberto Campos
|
0-0: Ball 1-0: Swinging Strike 1-1: Foul Ball, location: 2F 1-2: Strikes out swinging
|
Batting: RHB Jesús Gutiérrez
|
0-0: Ball 1-0: Foul Ball, location: 2F 1-1: Ball 2-1: Foul Ball, location: 2F 2-2: Ground out 4-3 (Groundball, 4)
|
Top of the 6th over - 0 run(s), 1 hit(s), 0 error(s), 1 left on base; Fresno 1 - Nassau 1 |
BOTTOM OF THE 6TH |
Nassau Rockets batting - Pitching for Fresno Deplorables : RHP Manuel Fuentes
|
Batting: LHB Don Ramey
|
0-0: Ball 1-0: Fly out, F1 (Line Drive, 15)
|
Batting: LHB Juan Romero
|
0-0: Ball 1-0: Fly out, F5 (Popup, 5L)
|
Batting: RHB Kenji Kudo
|
0-0: Ball 1-0: Ball 2-0: Ground out 6-3 (Groundball, 6)
|
Bottom of the 6th over - 0 run(s), 0 hit(s), 0 error(s), 0 left on base; Fresno 1 - Nassau 1 |
TOP OF THE 7TH |
Fresno Deplorables batting - Pitching for Nassau Rockets : RHP Armando Avilés
|
Batting: RHB Jared Thompson
|
0-0: Foul Ball, location: 2F 0-1: Ground out 6-3 (Groundball, 6)
|
Batting: LHB Paul Mullins
|
0-0: Ball 1-0: Swinging Strike 1-1: Ball 2-1: Swinging Strike 2-2: Strikes out swinging
|
Batting: LHB Jeff Daniels
|
0-0: Foul Ball, location: 2F 0-1: Ball 1-1: Ball 2-1: Foul Ball, location: 2F 2-2: Foul Ball, location: 2F 2-2: Ball 3-2: TRIPLE (Flyball, 9LD)
|
Batting: LHB Troy Donaldson
|
0-0: Ground out 5-3 (Groundball, 56)
|
Top of the 7th over - 0 run(s), 1 hit(s), 0 error(s), 1 left on base; Fresno 1 - Nassau 1 |
BOTTOM OF THE 7TH |
Nassau Rockets batting - Pitching for Fresno Deplorables : RHP Manuel Fuentes
|
Batting: LHB Andrew Alvarado
|
0-0: Called Strike 0-1: Foul Ball, location: 2F 0-2: Foul Ball, location: 2F 0-2: Ball 1-2: TRIPLE (Flyball, 89XD)
|
Batting: LHB Doug Thompson
|
0-0: Ball 1-0: Called Strike 1-1: Fly out, F6 (Popup, 5D)
|
Batting: LHB Wilson Allen
|
0-0: Ball 1-0: Ball 2-0: Bunted foul 2-1: Bunted foul 2-2: Strikes out swinging
|
Pinch Hitting: SHB Edgardo Osorio
|
0-0: Intentional Walk
|
Batting: LHB Shiro Ueno
|
0-0: Ball 1-0: Called Strike 1-1: Called Strike 1-2: Ball 2-2: Strikes out swinging
|
Bottom of the 7th over - 0 run(s), 1 hit(s), 0 error(s), 2 left on base; Fresno 1 - Nassau 1 |
TOP OF THE 8TH |
Fresno Deplorables batting - Pitching for Nassau Rockets : RHP Armando Avilés
|
Pitching: RHP Luis Cortéz
|
|
Now at SS: Pete Harvey
|
|
Batting: RHB António Zúńiga
|
0-0: Ball 1-0: Swinging Strike 1-1: Ball 2-1: Ball 3-1: SINGLE (Flyball, 9S)
|
Pinch Hitting: RHB Peter Hensley
|
0-0: Bunt missed! 0-1: Sac Bunt - play at first, batter OUT! 2-4 António Zúńiga to second
|
Batting: LHB Keith Beard
|
0-0: Intentional Walk
|
Batting: RHB Alberto Campos
|
0-0: Ball 1-0: Fly out, F7 (Flyball, 7D) Runner from 2nd tags up, SAFE at 3rd, no throw
|
Batting: RHB Jesús Gutiérrez
|
0-0: Ball 1-0: Swinging Strike 1-1: Ball 2-1: Ball 3-1: Swinging Strike 3-2: Foul Ball, location: 2F 3-2: Ground out 5-3 (Groundball, 56S)
|
Top of the 8th over - 0 run(s), 1 hit(s), 0 error(s), 2 left on base; Fresno 1 - Nassau 1 |
BOTTOM OF THE 8TH |
Nassau Rockets batting - Pitching for Fresno Deplorables : RHP Manuel Fuentes
|
Pitching: RHP César Menéndez
|
|
Now at 3B: Augusto Baiano
|
|
Batting: RHB Jesús Villalobos
|
0-0: Ball 1-0: Foul Ball, location: 2F 1-1: Foul Ball, location: 2F 1-2: Foul Ball, location: 2F 1-2: Foul Ball, location: 2F 1-2: Foul Ball, location: 2F 1-2: Strikes out swinging
|
Pitching: LHP Eduardo Trujillo
|
|
Batting: LHB Don Ramey
|
0-0: Ball 1-0: Called Strike 1-1: Ball 2-1: Ball 3-1: Ground out 5-3 (Groundball, 56)
|
Pitching: RHP Ron Biller
|
|
Batting: LHB Juan Romero
|
0-0: Foul Ball, location: 2F 0-1: Foul Ball, location: 2F 0-2: Ground out 5-3 (Groundball, 5)
|
Bottom of the 8th over - 0 run(s), 0 hit(s), 0 error(s), 0 left on base; Fresno 1 - Nassau 1 |
TOP OF THE 9TH |
Fresno Deplorables batting - Pitching for Nassau Rockets : RHP Luis Cortéz
|
Pitching: RHP John Allan
|
|
Batting: RHB Jared Thompson
|
0-0: Called Strike 0-1: Ball 1-1: Ball 2-1: Swinging Strike 2-2: Ball 3-2: Fly out, F9 (Flyball, 9S)
|
Batting: LHB Paul Mullins
|
0-0: Foul Ball, location: 2F 0-1: Foul Ball, location: 2F 0-2: Ball 1-2: Ball 2-2: Ball 3-2: Ground out 4-3 (Groundball, 34)
|
Batting: LHB Jeff Daniels
|
0-0: Ball 1-0: Swinging Strike 1-1: Ball 2-1: Ground out 4-3 (Groundball, 4)
|
Top of the 9th over - 0 run(s), 0 hit(s), 0 error(s), 0 left on base; Fresno 1 - Nassau 1 |
BOTTOM OF THE 9TH |
Nassau Rockets batting - Pitching for Fresno Deplorables : RHP Ron Biller
|
Batting: RHB Kenji Kudo
|
0-0: Ball 1-0: Ball 2-0: Ball 3-0: Called Strike 3-1: Swinging Strike 3-2: Strikes out looking
|
Batting: LHB Andrew Alvarado
|
0-0: Ball 1-0: Ball 2-0: Ball 3-0: Called Strike 3-1: Base on Balls
|
Batting: LHB Doug Thompson
|
0-0: Ball 1-0: Ball 2-0: Swinging Strike 2-1: Called Strike 2-2: Foul Ball, location: 2F 2-2: Ball 3-2: Base on Balls Andrew Alvarado to second
|
Batting: LHB Wilson Allen
|
0-0: Called Strike 0-1: Ball 1-1: Foul Ball, location: 2F 1-2: Ball 2-2: Ball 3-2: Base on Balls Andrew Alvarado to third Doug Thompson to second
|
Batting: RHB Pete Harvey
|
0-0: SINGLE (Groundball, 56D) Andrew Alvarado scores
|
Tuesday, August 8th, 2017 - OOTP Baseball 17.12 Build 75
|
|